 Dungeon Crawl Stone Soup version 0.20.0-15-g7f486f2 (webtiles) character file.

211 Inus the Magician (level 5, -1/35 HPs)
             Began as a Mummy Summoner on June 28, 2017.
             Was a Follower of Sif Muna.
             Killed from afar by an orc wizard (7 damage)
             ... with a magic dart
             ... on level 4 of the Dungeon.
             The game lasted 00:13:59 (4341 turns).

Inus the Magician (Mummy Summoner)                  Turns: 4341, Time: 00:14:01

Health: -1/35      AC:  2    Str: 12    XL:     5   Next: 57%
Magic:  7/14       EV: 12    Int: 15    God:    Sif Muna [*.....]
Gold:   194        SH:  0    Dex: 12    Spells: 12/18 levels left

rFire    x . .     SeeInvis .   g - +1 hand axe (elec)
rCold    + . .     Gourm    .   (no shield)
rNeg     + + +     Faith    .   a - +0 robe
rPois    ∞         Spirit   .   (no helmet)
rElec    .         Reflect  .   (no cloak)
rCorr    .         Harm     .   (no gloves)
MR       .....                  (no boots)
Stlth    ++........             (no amulet)
Regen    0.2/turn               (no ring)
MPRegen  0.2/turn               (no ring)

@: no status effects
A: no food or potions, fire vulnerability, cold resistance 1, negative energy
resistance 3, torment resistance, unbreathing
a: Divine Energy, Renounce Religion


You were on level 4 of the Dungeon.
You worshipped Sif Muna.
Sif Muna was aware of your devotion.
You were not hungry.

You visited 1 branch of the dungeon, and saw 4 of its levels.

You collected 194 gold pieces.

Inventory:

Hand Weapons
 e - a +0 short sword
 f - a +2 dagger of draining
 g - a +1 hand axe of electrocution (weapon)
 h - a cursed -2 dagger
Armour
 a - a +0 robe (worn)
Scrolls
 c - a scroll of remove curse
 d - 2 scrolls of identify
Books
 b - a book of Callings

   Spells                             Type                      Level
   a - Summon Small Mammal            Summoning                    1
   b - Call Imp                       Summoning                    2
   c - Call Canine Familiar           Summoning                    3
   d - Summon Guardian Golem          Hexes/Summoning              3
   e - Summon Lightning Spire         Summoning/Air                4
   f - Summon Ice Beast               Ice/Summoning                4


   Skills:
 - Level 1.5 Dodging
 - Level 1.5 Stealth
 + Level 7.2 Spellcasting
 - Level 3.2 Summonings


You had 12 spell levels left.
You knew the following spells:

 Your Spells              Type           Power        Failure   Level  Hunger
a - Summon Small Mammal   Summ           ###.         3%          1    N/A
b - Call Imp              Summ           ###.....     4%          2    N/A
c - Call Canine Familiar  Summ           ###.....     10%         3    N/A

Dungeon Overview and Level Annotations

Branches:
Dungeon (4/15)
 Temple: D:4-7

Altars:
Cheibriados
Qazlal
Sif Muna

Annotations:
D:4 Pikel


Innate Abilities, Weirdness & Mutations

You do not eat or drink.
Your flesh is vulnerable to fire.
You are immune to poison.
Your flesh is cold resistant. (rC+)
You are immune to negative energy. (rN+++)
You are immune to unholy pain and torment.
You can survive without breathing.


Message History

Your hound closely misses the slave.
The orc wizard gestures wildly while chanting.
The orc wizard seems to speed up.
Your shadow imp closely misses the slave.
The slave hits you.
Your hound bites the slave.
You hit the slave but do no damage.
The slave is almost dead.
Your hound misses the slave.
Your shadow imp closely misses the slave.
The orc wizard casts a spell at you. The puff of frost hits you! You resist.
The slave hits you!
Your hound closely misses the slave.
Your shadow imp closely misses the slave.
You closely miss the slave.
The slave is almost dead.
Your hound closely misses the slave.
The slave hits you!
* * * LOW HITPOINT WARNING * * *
The orc wizard points at you and mumbles some strange words.
The magic dart hits you!
You die...

.!...#.K##.......# ######.#
..#..#.....#...### #......#
....)##.####...# ######....#
#.##.##.# #...####.........#
#....5hp# #$..5....####....#
#.......####....###.####.#.##
#.##h#...............##..#.#
..5............hp....##.##..
<.####.....o....@5!..##.# ###
.o# ##.####........###.##
.o.. ..# #.5h###### #..#
.#### ## #... ##.# ##### .#
#.$ ####.###...## .# #..
#.[......#... .# #.
#.##.##..)..# .# ..
#.##.##.###.# #.##....# #.#


You could see a slave, an orc wizard, a jackal, a friendly hound, 2 friendly
crimson imps and a friendly shadow imp.

Vanquished Creatures
  A hound skeleton (D:3)
  An adder (D:3)
  An ooze (D:2)
  An adder zombie (D:3)
  3 adder skeletons
  A dart slug (D:2)
  2 leopard geckos (D:3)
  An orc (D:3)
  A ball python (D:3)
  2 bats (D:1)
  4 giant cockroaches
  3 goblins
  2 hobgoblins
  4 jackals
  A kobold (D:3)
  2 frilled lizards
  A giant cockroach zombie (D:3)
  A leopard gecko skeleton (D:3)
  A rat (D:2)
33 creatures vanquished.

Vanquished Creatures (collateral kills)
  A slave (D:3)
  3 orc wizards
  3 worker ant zombies (D:3)
  An adder zombie (D:3)
  An adder skeleton (D:3)
  4 worms
  4 dart slugs
  3 leopard geckos
  5 orcs (D:3)
  2 ball pythons
  7 bats
  2 giant cockroaches (D:1)
  4 goblins
  6 hobgoblins
  4 jackals
  2 quokkas
  A ball python zombie (D:3)
  5 frilled lizards
  A jackal skeleton (D:3)
  7 kobolds
  A leopard gecko zombie (D:3)
  A quokka skeleton (D:3)
  3 rats
71 creatures vanquished.

Grand Total: 104 creatures vanquished

Notes
Turn   | Place    | Note
-------+----------+-------------------------------------------
     0 | D:1      | Inus the Mummy Summoner began the quest for the Orb.
     0 | D:1      | Reached XP level 1. HP: 13/13 MP: 4/4
    95 | D:1      | Reached skill level 3 in Spellcasting
   486 | D:1      | Reached XP level 2. HP: 2/19 MP: 1/6
   920 | D:1      | Reached skill level 4 in Spellcasting
  1125 | D:1      | Learned a level 2 spell: Call Imp
  1633 | D:2      | Reached XP level 3. HP: 12/24 MP: 8/8
  1789 | D:2      | Found a deep blue altar of Sif Muna.
  1797 | D:2      | Became a worshipper of Sif Muna the Loreminder
  1804 | D:2      | Found a snail-covered altar of Cheibriados.
  1818 | D:2      | Learned a level 3 spell: Call Canine Familiar
  2158 | D:2      | Reached skill level 5 in Spellcasting
  2297 | D:2      | Found a stormy altar of Qazlal.
  2691 | D:3      | Reached XP level 4. HP: 29/30 MP: 2/11
  2800 | D:3      | Reached * piety under Sif Muna
  2841 | D:3      | Reached skill level 6 in Spellcasting
  3073 | D:3      | Reached XP level 5. HP: 26/35 MP: 9/13
  3962 | D:4      | Reached skill level 7 in Spellcasting
  3978 | D:4      | Noticed a slave
  3979 | D:4      | Noticed a slave
  3979 | D:4      | Noticed Pikel
  3992 | D:4      | Noticed a slave
  4025 | D:3      | Killed a slave
  4341 | D:4      | Killed from afar by an orc wizard

Skill      XL: |  1  2  3  4  5 |
---------------+----------------+-----
Spellcasting   | 3 4 5 6 7 |  7.2
Dodging        | |  1.5
Stealth        | |  1.5
Summonings     | |  3.2

Action                   |  1- 3 |  4- 6 || total
-------------------------+-------+-------++-------
Melee: Unarmed           |    21 |       ||    21
       Dagger            |    31 |       ||    31
       Club              |    19 |       ||    19
       Short sword       |    53 |     2 ||    55
       Hand axe          |       |    65 ||    65
 Cast: Summon Small Mamm |    45 |     1 ||    46
       Call Imp          |    15 |    24 ||    39
       Call Canine Famil |     9 |    14 ||    23
  Use: Scroll            |     6 |       ||     6
 Stab: Distracted        |     1 |     1 ||     2
Armor: Robe              |    41 |     7 ||    48
Dodge: Dodged            |   134 |    68 ||   202
